 Dungeon Crawl Stone Soup version 0.22.1-2-g9c5b331 (webtiles) character file.

82 diana the Sneak (level 4, -2/30 HPs)
             Began as an Octopode Assassin on Dec 27, 2018.
             Slain by a goblin
             ... wielding a +0 dagger
             ... led by Robin
              (6 damage)
             ... on level 2 of the Dungeon.
             The game lasted 00:02:07 (1121 turns).

diana the Sneak (Octopode Assassin)                 Turns: 1121, Time: 00:02:07

Health: -2/30      AC:  1    Str:  8 (10) XL:     4   Next: 43%
Magic:  4/4        EV: 13    Int: 11 (13) God:
Gold:   79         SH:  0    Dex: 12 (14) Spells: 3/3 levels left

rFire    . . .     SeeInvis .   a - +2 dagger
rCold    . . .     Gourm    .   (no shield)
rNeg     . . .     Faith    .   (helmet restricted)
rPois    .         Spirit   .   (no amulet)
rElec    .         Reflect  .   (no ring)
rCorr    .         Harm     .   (no ring)
MR       .....                  (no ring)
Stlth    ++++......             (no ring)
HPRegen  0.10/turn              (no ring)
MPRegen  0.09/turn              (no ring)
                                (no ring)
                                (no ring)

@: no status effects
A: almost no armour, stealthy swim, amphibious, 8 rings, constrict 8, camouflage
1, gelatinous body 1
a: no special abilities


You were on level 2 of the Dungeon.
You were hungry.

You visited 1 branch of the dungeon, and saw 2 of its levels.

You collected 79 gold pieces.

Inventory:

Hand Weapons
 a - a +2 dagger (weapon)
 b - a +0 blowgun
 j - a +0 short sword
Missiles
 c - 26 poisoned needles
 d - 2 curare-tipped needles
Scrolls
 e - 2 scrolls of identify {unknown}
Potions
 g - a potion of degeneration
 h - a potion of resistance {unknown}
 i - a potion of heal wounds {unknown}
 k - 3 potions of flight {unknown}
Comestibles
 f - 4 rations


   Skills:
 + Level 2.3 Fighting
 * Level 3.1 Short Blades
 + Level 2.3 Throwing
 + Level 1.5 Dodging
 * Level 6.2 Stealth


You had 3 spell levels left.
You didn't know any spells.
Your spell library was empty.

Dungeon Overview and Level Annotations

Branches:
Dungeon (2/15)

Altars:
Zin

Annotations:
D:2 Robin


Innate Abilities, Weirdness & Mutations

You cannot wear most types of armour.
You are very stealthy in the water. (Stealth+)
You are amphibious.
You can wear up to eight rings at the same time.
You can use your tentacles to constrict eight enemies at once.
Your skin changes colour to match your surroundings (Stealth+).
Your rubbery body absorbs attacks. (AC +1, EV +1)


Message History

The rat closely misses you.
A goblin comes into view. It is wielding a dagger.
The rat barely misses you.
You see here a ration.
Robin throws the goblin at you! The goblin hits you with a dagger!
* * * LOW HITPOINT WARNING * * *
The goblin misses you.
The goblin no longer looks unusually strong.
A goblin comes into view. It is wielding a dagger.
The goblin no longer looks unusually strong.
Robin throws the goblin at you!
* * * LOW HITPOINT WARNING * * *
The goblin hits you but does no damage.
The goblin moves out of view.
The goblin no longer looks unusually strong. x2
The goblin barely misses you.
It was a potion of degeneration.
There was something very wrong with that liquid.
You feel weakened.
You feel dopey.
You feel clumsy. The goblin hits you with a dagger.
You die...

.#......... #..........
.#.#######. #........# .#.# #.#
#...#.g..## .#.# #.# .#
#gg%.###..g .#.###.###...#
#r#...g..g. .'...........#
+.#........ .#.###.####..#
#.##.###...
.#...........##########g..)).....
###....##.#.....@gggr...$..#.#.##
# #...## ####.###.#g..#####.# #
#.#.# #.# #.##..#####.# ###.#†#
#.# #.##......... ......# #.#
#.##...####.# ###.###
#.####.###.##......... ###.#
#...............###### ....#
######.##..###..# .####
#.##.......#


You could see Robin, 4 goblins and a rat.

Vanquished Creatures
  A howler monkey zombie (D:2)
  An adder (D:2)
  2 oozes
  A worm (D:2)
  A leopard gecko (D:1)
  6 bats
  5 giant cockroaches
  8 goblins
  12 hobgoblins
  A frilled lizard (D:1)
  2 kobolds (D:1)
  4 rats
44 creatures vanquished.

Notes
Turn   | Place    | Note
-------+----------+-------------------------------------------
     0 | D:1      | diana the Octopode Assassin began the quest for the Orb.
     0 | D:1      | Reached XP level 1. HP: 14/14 MP: 1/1
   106 | D:1      | Reached XP level 2. HP: 19/19 MP: 2/2
   345 | D:1      | Reached XP level 3. HP: 24/24 MP: 3/3
   794 | D:2      | Reached skill level 6 in Stealth
   807 | D:2      | Reached XP level 4. HP: 18/29 MP: 4/4
  1012 | D:2      | Found a glowing silver altar of Zin.
  1096 | D:2      | Noticed Robin
  1121 | D:2      | Slain by a goblin

Skill      XL: |  1  2  3 |
---------------+----------+-----
Stealth        | 6 |  6.2
Short Blades   | 3 |  3.1
Fighting       | |  2.3
Throwing       | |  2.3
Dodging        | |  1.5

Action                   |  1- 3 |  4- 6 || total
-------------------------+-------+-------++-------
Melee: Dagger            |    74 |    15 ||    89
       Constrict         |    13 |     5 ||    18
       Tentacles         |     9 |     6 ||    15
  Use: Scroll            |     3 |       ||     3
       Potion            |       |     1 ||     1
 Stab: Sleeping          |    10 |     1 ||    11
Armor: Skin              |     2 |     4 ||     6
Dodge: Dodged            |    39 |    14 ||    53
